 Dungeon Crawl Stone Soup version 0.29.0-11-gd7f09526c8 (webtiles) character file.

Game seed: 7706491955191005880

1864713 DocSulfur the Acrobat (level 27, 213/223 HPs)
             Began as a Djinni Artificer on Sept 5, 2022.
             Was a High Priest of Ashenzari.
             Escaped with the Orb
             ... and 4 runes on Sept 6, 2022!
             The game lasted 07:00:48 (106872 turns).

DocSulfur the Acrobat (Djinni Artificer)          Turns: 106872, Time: 07:00:48

Health: 213/223    AC: 55    Str: 20    XL:     27
Gold:   8642       EV: 16    Int: 43    God:    Ashenzari [*****.] SH: 38 Dex: 16

rFire   + + +      SeeInvis +   I - staff of conjuration (curse) {Self, Melee}
rCold   + + +      Faith    .   T - +8 tower shield "I Foresaw This" {Cun, Fort} (curse)
rNeg    + + +      Spirit   .   g - +12 gold dragon scales "Visionary Portent" {Harm rPois rF+ rC+ Str+7 Int+2 Stlth-, Melee, Fort} (curse)
rPois   ∞          Reflect  +   S - +2 helmet {Int+3}
rElec   +          Harm     +   Y - scarf of the Shackled Pleiades {rC+ rF+, Self, Cun} (curse)
rCorr   +          Rampage  .   w - +2 pair of gloves "Share My Cynicism" {Fort, Evo} (curse)
Will    +++..      Clarity  +   (boots unavailable)
Stlth   ..........              y - amulet "I Foresaw This" {Reflect rPois Will+ rCorr SH+5, Fort, Self} (curse)
HPRegen 0.47/turn               e - ring "Tethered Gloom" {Int+6, Fort, Evo} (curse)
MPRegen 0.00/turn               D - ring "Distant Syndicalism" {Ice *Slow rElec Will- Int+9, Fort, Cun} (curse)

@: lich-form, flying, studying 3 skills
A: draining attack, torment immunity, no potions, flying, sickness immunity,
fire resistance 2, cold vulnerability 1, float, innate caster, HP casting, extra
vitality 1, iridescent scales 1, mutation resistance 1
0: Orb of Zot
}: 4/15 runes: decaying, serpentine, slimy, silver
a: End Transformation, Renounce Religion, Shatter the Chains


You escaped.
You worshipped Ashenzari.
Ashenzari was extremely pleased with you.
You were an undead lich.
You visited 12 branches of the dungeon, and saw 56 of its levels.
You also visited: Trove, Bailey, Ice Cave, Volcano and Wizlab.

You collected 13114 gold pieces.
You spent 4472 gold pieces at shops.

Inventory:

Hand Weapons
 d - the +10 broad axe of the Apocalypse {vorpal, rPois Will+ Int+2}
   (You found it on level 2 of the Swamp)

   It inflicts extra damage upon your enemies.
   Int:       It affects your intelligence (+2).
   rPois:     It protects you from poison.
   Will:      It increases your willpower.
 m - the +7 demon trident of Archeilu {vorpal, rF+}
   (You bought it in a shop on level 2 of the Orcish Mines)

   It inflicts extra damage upon your enemies.
   rF:        It protects you from fire.
Missiles
 U - 9 javelins
 V - a throwing net
Armour
 g - the cursed +12 gold dragon scales "Visionary Portent" (worn) {Harm rPois rF+ rC+ Str+7 Int+2 Stlth-, Melee, Fort}
   (You found it on level 2 of the Realm of Zot)

   Str:       It affects your strength (+7).
   Int:       It affects your intelligence (+2).
   rF:        It protects you from fire.
   rC:        It protects you from cold.
   rPois:     It protects you from poison.
   Harm:      It increases damage dealt and taken.
   Stlth:     It makes you less stealthy.
   It has a curse which improves the following skills: Melee Combat: Short
   Blades, Long Blades, Axes, Maces & Flails, Polearms, Staves and Unarmed
   Combat.
   Fortitude: Armour and Shields.
 w - the cursed +2 pair of gloves "Share My Cynicism" (worn) {Fort, Evo}
   (You found it on level 4 of the Swamp)

   It has a curse which improves the following skills: Fortitude: Armour and
   Shields.
   Evocations: Evocations.
 M - a +2 robe of the Archmagi
 S - a +2 helmet of intelligence (worn)
 T - the cursed +8 tower shield "I Foresaw This" (worn) {Cun, Fort}
   (You took it off a vault guard on level 5 of the Vaults)

   It has a curse which improves the following skills: Cunning: Dodging and
   Stealth.
   Fortitude: Armour and Shields.
 Y - the cursed scarf of the Shackled Pleiades (worn) {rC+ rF+, Self, Cun}
   (You found it in an ice cave)

   It has a curse which improves the following skills: Introspection: Fighting
   and Spellcasting.
   Cunning:   Dodging and Stealth.
Magical Staves
 t - a staff of conjuration
 I - a cursed staff of conjuration (weapon) {Self, Melee}
Jewellery
 a - the dreamshard necklace {*Dream Drain}
   (You found it on level 2 of the Swamp)

   [amulet of nothing]

   It shatters if its wearer takes lethal or near-lethal damage, preventing the
   blow and releasing protective dreams that heal and fight for the wearer.
   Drain:     It drains your maximum health when unequipped.
 e - the cursed ring "Tethered Gloom" (left hand) {Int+6, Fort, Evo}
   (You found it on level 12 of the Dungeon)

   [ring of intelligence]

   Int:       It affects your intelligence (+6).
   It has a curse which improves the following skills: Fortitude: Armour and
   Shields.
   Evocations: Evocations.
 f - a ring of wizardry
 i - the ring "Fitsud" {rPois rF+ Str+9 Stlth-}
   (You found it on level 10 of the Dungeon)

   [ring of poison resistance]

   Str:       It affects your strength (+9).
   rF:        It protects you from fire.
   rPois:     It protects you from poison.
   Stlth:     It makes you less stealthy.
 y - the cursed amulet "I Foresaw This" (around neck) {Reflect rPois Will+ rCorr SH+5, Fort, Self}
   (You acquired it on level 2 of the Depths)

   [amulet of reflection]

   It reflects blocked missile attacks.
   rPois:     It protects you from poison.
   rCorr:     It protects you from acid and corrosion.
   SH:        It affects your SH (+5).
   Will:      It increases your willpower.
   It has a curse which improves the following skills: Fortitude: Armour and
   Shields.
   Introspection: Fighting and Spellcasting.
 D - the cursed ring "Distant Syndicalism" (right hand) {Ice *Slow rElec Will- Int+9, Fort, Cun}
   (You took it off Josephina on level 4 of the Realm of Zot)

   [ring of ice]

   It enhances your ice magic.
   Int:       It affects your intelligence (+9).
   rF:        It makes you vulnerable to fire.
   rC:        It protects you from cold.
   rElec:     It insulates you from electricity.
   *Slow:     It may slow you when you take damage.
   Will:      It decreases your willpower.
   It has a curse which improves the following skills: Fortitude: Armour and
   Shields.
   Cunning:   Dodging and Stealth.
 L - the ring "Yjae" {rElec rF- rN+ Will- Int+6 Stlth+}
   (You found it on level 1 of the Elven Halls)

   [ring of intelligence]

   Int:       It affects your intelligence (+6).
   rF:        It makes you vulnerable to fire.
   rElec:     It insulates you from electricity.
   rN:        It protects you from negative energy.
   Will:      It decreases your willpower.
   Stlth:     It makes you more stealthy.
 N - an amulet of the acrobat
 W - an amulet of regeneration
Wands
 b - a wand of roots (23)
 v - a wand of polymorph (12)
 A - a wand of flame (22)
 J - a wand of light (36)
 O - a wand of paralysis (28)
 R - a wand of digging (28)
Scrolls
 c - 7 scrolls of butterflies
 k - 9 scrolls of blinking
 l - 8 scrolls of immolation
 p - 18 scrolls of fear
 q - 19 scrolls of poison
 B - a scroll of enchant armour
 E - 5 scrolls of vulnerability
 F - 7 scrolls of enchant weapon
 G - 15 scrolls of teleportation
 K - 6 scrolls of magic mapping
 Q - 2 scrolls of brand weapon
 Z - 2 scrolls of summoning
Potions
 h - 8 potions of mutation
 o - 14 potions of lignification
 r - 5 potions of invisibility
 s - 5 potions of resistance
 u - 7 potions of brilliance
 x - 11 potions of might
 z - 29 potions of curing
 C - 7 potions of haste
 H - 5 potions of ambrosia
 P - 14 potions of heal wounds
 X - 9 potions of cancellation
Miscellaneous
 j - a phial of floods
 n - a condenser vane


   Skills:
 - Level 21.6(25.7) Fighting
 - Level 7.9(13.5) Axes
 - Level 11.9(16.1) Polearms
 - Level 5.8 Throwing
 * Level 21.7(27) Armour
 - Level 23.8(27) Dodging
 - Level 0.7(2.7) Stealth
 - Level 20.7(27) Shields
 + Level 21.5(25.6) Spellcasting
 - Level 6.6(10.1) Evocations


You had 7 spell levels left.
You knew the following spells:

 Your Spells              Type           Power      Damage    Failure   Level
a - Iron Shot             Conj/Erth      80%        9d15      0%          6
b - Fireball              Conj/Fire      80%        3d30      0%          5
c - Starburst             Conj/Fire      80%        6d20      0%          6
d - Chain Lightning       Conj/Air       80%        3d106     9%          9
e - Blink                 Tloc           100%       N/A       0%          2
f - Enfeeble              Hex            67%        N/A       1%          7
g - Summon Small Mammal   Summ           100%       N/A       0%          1
h - Animate Armour        Summ/Erth      100%       N/A       0%          4
i - Borgnjor's Revivific  Necr           80%        N/A       1%          8
j - Summon Guardian Gole  Hex/Summ       100%       N/A       0%          3
k - Monstrous Menagerie   Summ           67%        N/A       1%          7
m - Necromutation         Tmut/Necr      80%        N/A       1%          8
s - Summon Ice Beast      Ice/Summ       100%       N/A       0%          4
Your spell library was empty.

Dungeon Overview and Level Annotations

Branches:
Dungeon (15/15)            Temple (1/1) D:7            Lair (5/5) D:10
  Swamp (4/4) Lair:2        Snake (4/4) Lair:2        Slime (5/5) Lair:4
    Orc (2/2) D:10            Elf (3/3) Orc:2        Vaults (5/5) D:14
  Crypt (3/3) Vaults:2       Tomb (0/3) Crypt:3      Depths (4/4) D:15
    Zot (5/5) Depths:4     Bailey (visited)           IceCv (visited)
Volcano (visited)          WizLab (visited)

Altars:
Ashenzari
Cheibriados
Dithmenos
Elyvilon
Fedhas
Gozag
Hepliaklqana
Makhleb
Nemelex Xobeh
Okawaru
Qazlal
Ru
Trog
Uskayaw
Wu Jian
Xom
Yredelemnul
Zin
The Shining One
Jiyva
Lugonu

Shops:
D:8 [*[*   Orc:1 *   Orc:2 [:*(   Elf:1 ((?:[   Elf:2 !   Elf:3 ([*   Snake:1 :
Snake:2 *   Vaults:4 (   Depths:1 *   Depths:3 ?   Depths:4 =:=

Portals:
Hell: Depths:1 Depths:2 Depths:3 Depths:4
Abyss: Lair:5 Depths:1 Depths:2 Depths:3
Pandemonium: Depths:2 Depths:3 Depths:4
Ziggurat: Depths:1

Annotations:
D:9 exclusion: 2 downstairs
D:10 exclusion: orange crystal statue
D:14 1 runed translucent door


Innate Abilities, Weirdness & Mutations

You are an undead lich.
Your unarmed attacks are suffused with negative energy.
You are immune to unholy pain and torment.
Your necromantic spells are more powerful.
You cannot drink.
You are flying.
You are immune to sickness and miasma.
You are immune to poison.
Your flesh is very heat resistant. (rF++)
You are vulnerable to cold. (rC-)
You float through the air rather than walking.
You learn spells naturally, not from books.
Your magical power is your life essence.
You have superior vitality. (+4 MHP)
You are partially covered in iridescent scales. (AC +2)
You are somewhat resistant to further mutation.


Message History

(P) Snake Pit (M) Slime Pits (O) Orcish Mines (E) Elven Halls (V) Vaults (C) Crypt (W) Tomb (U) Depths (H) Hell (Z) Zot
Where to? (Enter - D:1 @ (x,y), ? - help)
There is an open door here.
There is a stone staircase leading up here.
You fly upwards.
There is a stone staircase leading down here.
A tormentor comes into view.
There is an escape hatch in the ceiling here.
Casting: Iron Shot (safe; 0% risk of failure)
Confirm with . or Enter, or press ? or * to list all spells.
You can't see any susceptible monsters within range! (Use Z to cast anyway.) Unknown command.
Casting: Iron Shot (safe; 0% risk of failure)
Confirm with . or Enter, or press ? or * to list all spells.
You feel a surge of power!
You miscast Chain Lightning.
You are very lightly contaminated with residual magic.
Nothing appears to happen.
Unknown command.
Unknown command.
Casting: Chain Lightning (dangerous; 9% risk of failure)
Confirm with . or Enter, or press ? or * to list all spells.
You feel a surge of power! Lightning arcs from your hands!
The bolt of lightning hits the tormentor!!!!
You kill the tormentor!
Unknown command.
Unknown command.
(D) Dungeon (T) Temple (L) Lair (S) Swamp (P) Snake Pit (M) Slime Pits (O) Orcish Mines (E) Elven Halls (V) Vaults (C) Crypt (W) Tomb (U) Depths (H) Hell (Z) Zot
Where to? (Enter - D:1 @ (x,y), ? - help)
A mysterious force pulls you upwards. The hatch slams shut behind you.
Your magical contamination has completely faded away.
There is a large open door here.
There is a staircase leading out of the dungeon here.
There is a staircase leading out of the dungeon here.
You can't go down here!
You have escaped!

####.(...#.# ###########.#
..#......#.## #.# #.#.#.#..#.###
##### #.#
#.#.#.#..#.#########...###.#
#...#.#....~~~§≈≈≈~~~......#
###.#.##.#.~8~~≈≈~~8~..#####
###.#.##.#.~~8~~~~8~~.##
...........≈~~####~~≈.#
...........≈§~#.L#~§≈§#
###.#.#....≈≈~#..#~§≈§#
...........≈~§#''#~~§§#
....#......~~8~~~~8~~.###########
##.###.....~8~~≈§~~8~............
...# ##...#~~~≈§≈≈~~~.##########.
#### ##.##........##...........#
####........##########.##.
#.######## #.###


There were no monsters in sight!

Vanquished Creatures
  the Royal Jelly (Slime:5)
  4 dread liches
  2 ancient liches
  8 orbs of fire
  Mennas (Crypt:1)
  Josephina (Zot:4)
  A juggernaut (Depths:2)
  Bai Suzhen (Crypt:1)
  Boris (Crypt:2)
  4 Killer Klowns
  Margery (Depths:4)
  4 curse toes
  Saint Roka (Vaults:2)
  5 caustic shrikes
  9 golden dragons
  A pearl dragon (Depths:4)
  Jory (Crypt:3)
  A bone dragon (Crypt:3)
  A profane servitor (Crypt:3)
  7 electric golems
  A Tzitzimitl (Zot:3)
  A Brimstone Fiend (Zot:3)
  A walking crystal tome (Depths:2)
  4 Ice Fiends
  Jorgrun (D:13)
  27 Orb Guardians
  Zenata (Crypt:2)
  18 tentacled monstrosities
  2 deep elf blademasters (Elf:3)
  5 liches
  11 quicksilver dragons
  5 deep elf master archers
  24 acid blobs
  8 titans
  4 sphinxes
  Kirke (Swamp:3)
  6 ancient champions
  8 tengu reavers
  10 death cobs
  Donald (Swamp:1)
  8 shadow dragons
  20 storm dragons
  Roxanne (Swamp:2)
  8 draconian monks
  16 azure jellies
  A revenant (Crypt:3)
  7 fire giants
  3 fenstrider witches (WizLab)
  The ghost of Ypsiuj the Thaumaturge, an adept GnSk of Makhleb (Swamp:2)
  2 nagarajas (Snake:4)
  3 thorn hunters
  4 draconian knights
  17 vault wardens
  6 deep elf sorcerers
  14 rockslimes
  Louise (Depths:1)
  2 ghost moths
  3 draconian scorchers
  An iron dragon (Depths:4)
  A balrug (Depths:2)
  A ghost moth (shapeshifter) (Vaults:5)
  17 frost giants
  5 curse skulls
  2 orc warlords
  3 war gargoyles
  6 ghouls
  4 draconian annihilators
  5 draconian shifters
  5 deep elf elementalists (Elf:3)
  Aizul (Snake:3)
  3 reapers
  13 ironbound thunderhulks
  15 ironbound preservers
  3 draconian stormcallers
  6 very ugly things
  22 stone giants
  11 quicksilver oozes
  An ophan (Depths:4)
  11 green draconians
  Nessos (D:15)
  14 vampire knights
  An apis (Depths:4)
  8 eleionomae
  12 yellow draconians
  11 deep elf demonologists
  4 dire elephants
  7 deep elf annihilators
  9 red draconians
  8 purple draconians
  20 black draconians
  A bunyip (Swamp:2)
  8 white draconians
  A blizzard demon (D:10)
  6 spark wasps
  4 ettins
  2 eidola
  The ghost of Flure the Covert, a journeyman KoBr of Dithmenos (Lair:2)
  7 deep elf high priests
  9 deep elf death magi
  28 jiangshi
  7 fire dragons
  6 rakshasas
  17 great orbs of eyes
  18 yaktaur captains
  3 shambling mangroves
  21 hydras
  9 ice dragons
  A peacekeeper (Vaults:3)
  4 caustic shrike simulacra
  5 ogre magi
  A boulder beetle (D:15)
  9 naga warriors
  A bennu zombie (Crypt:1)
  31 vault guards
  7 ironbound frosthearts
  A juggernaut simulacrum (Crypt:3)
  5 death knights
  2 ghost crabs
  5 alligators
  15 two-headed ogres
  16 anacondas
  30 dancing weapons
  A death yak (shapeshifter) (Lair:5)
  A fenstrider witch skeleton (Crypt:2)
  8 spriggan air magi
  19 centaur warriors
  An Orb Guardian skeleton (Crypt:2)
  6 deep troll earth magi
  9 tengu warriors
  7 death yaks (Lair:4)
  5 deep troll shamans
  2 satyrs (WizLab)
  An anaconda (shapeshifter) (D:14)
  2 titan zombies
  11 vampire magi
  2 thrashing horrors (Lair:5)
  9 shock serpents
  17 naga sharpshooters
  5 spriggan berserkers
  Urug (D:11)
  4 soul eaters
  10 hell knights
  An orc high priest (Orc:2)
  A spectral storm dragon (Crypt:3)
  Sonja (Orc:2)
  A sun demon (Depths:1)
  8 spriggans
  Nergalle (Lair:3)
  17 deep elf knights
  23 skeletal warriors
  2 shadow wraiths (Crypt:3)
  4 iron trolls
  Amaemon (Lair:3)
  A bunyip zombie (Crypt:2)
  39 deep trolls
  4 salamander mystics
  5 sixfirhies (Zot:2)
  2 glowing orange brains
  6 flayed ghosts
  3 naga ritualists
  5 goliath frogs
  A glowing orange brain (shapeshifter) (Vaults:5)
  7 swamp dragons (Swamp:4)
  9 wizards
  10 bog bodies
  3 spriggan druids
  2 spriggan simulacra
  2 obsidian statues (IceCv)
  An anaconda skeleton (Crypt:2)
  26 ironbound convokers
  12 deep elf archers
  15 orc knights
  11 necromancers
  14 lindwurms
  A golden dragon skeleton (Depths:3)
  34 deep elf zephyrmancers
  6 phantasmal warriors
  5 fauns (WizLab)
  A mana viper (shapeshifter) (Vaults:5)
  3 oklob plants
  42 deep elf pyromancers
  A frost giant zombie (Depths:1)
  6 mana vipers
  25 ugly things
  A spectral ettin (Crypt:3)
  4 shining eyes
  9 salamanders
  3 orc sorcerers
  6 will-o-the-wisps
  6 elephants
  9 cyclopes
  3 manticores
  16 moths of wrath
  A moth of wrath (shapeshifter) (Vaults:5)
  10 guardian serpents
  A frost giant skeleton (Vaults:4)
  20 naga magi
  2 smoke demons
  An iron dragon skeleton (Crypt:3)
  A titan simulacrum (Depths:1)
  A centaur zombie (Crypt:1)
  A guardian serpent (shapeshifter) (Vaults:5)
  2 rust devils
  Maurice (Orc:2)
  2 orange demons
  2 water nymphs (Swamp:3)
  4 eyes of devastation
  A yaktaur zombie (Vaults:4)
  A spectral iron troll (Crypt:1)
  A shock serpent skeleton (Crypt:1)
  29 black mambas
  26 vault sentinels
  2 cane toads
  2 centaur skeletons (Crypt:2)
  34 yaktaurs
  A storm dragon simulacrum (Zot:4)
  A komodo dragon (Lair:3)
  16 freezing wraiths
  A yaktaur (shapeshifter) (D:14)
  3 rime drakes
  3 unseen horrors
  A kobold demonologist (D:11)
  2 ice devils
  2 tormentors
  2 hellwings (Depths:2)
  A grey draconian skeleton (Crypt:2)
  3 tengu conjurers
  3 spectral deep trolls (Crypt:1)
  5 golden dragon simulacra
  3 ancient zymes (Lair:5)
  3 red devils
  3 bloated husks
  6 hornets
  A human zombie (Vaults:4)
  4 trolls
  2 death drake zombies
  A polar bear (shapeshifter) (Lair:5)
  Prince Ribbit (Lair:3)
  A tarantella (Vaults:5)
  A snapping turtle (shapeshifter) (Vaults:5)
  12 tyrant leeches
  A fire dragon zombie (Crypt:2)
  A tarantella (shapeshifter) (Elf:1)
  An iron dragon simulacrum (Depths:3)
  2 spriggan zombies
  A draconian simulacrum (Zot:4)
  6 dream sheep (Lair:3)
  24 blink frogs
  A black mamba zombie (Crypt:1)
  72 slime creatures
  54 flying skulls
  3 ynoxinuls
  A fire dragon skeleton (Crypt:2)
  7 air elementals
  2 hogs (Swamp:3)
  6 water elementals
  4 shadows
  3 vampires (Vaults:2)
  14 humans
  3 wyverns
  13 wraiths
  7 fire elementals
  11 golden eyes
  4 large abominations
  A wyvern (shapeshifter) (D:15)
  19 yaks
  A black mamba skeleton (Crypt:2)
  2 chaos spawn
  2 fire bats (Volcano)
  A steam dragon (D:9)
  4 redbacks (Vaults:5)
  Grum (D:11)
  9 vampire mosquitoes
  A death yak simulacrum (Lair:2)
  3 wargs
  A yaktaur simulacrum (Vaults:4)
  9 basilisks
  A warg (shapeshifter) (Vaults:5)
  38 nagas
  2 harpy simulacra
  A merfolk zombie (Crypt:2)
  13 swamp worms
  An acid dragon (D:10)
  A spectral cane toad (Lair:2)
  A glowing orange brain zombie (Crypt:2)
  6 water moccasins
  A swamp worm (shapeshifter) (Lair:5)
  3 moth of wrath simulacra (Zot:4)
  3 hydra simulacra (IceCv)
  45 orc warriors
  3 ettin simulacra
  3 swamp drakes (Swamp:4)
  A manticore zombie (Crypt:2)
  16 small abominations
  14 ogres
  A boulder beetle simulacrum (Lair:2)
  5 boggarts (Vaults:3)
  An alligator simulacrum (IceCv)
  2 black mamba simulacra (Lair:2)
  6 wolves
  12 centaurs
  A phantom (D:7)
  2 scorpions
  4 bullfrogs
  7 necrophages
  2 deep troll simulacra (IceCv)
  5 earth elementals
  A gnoll sergeant (D:11)
  2 wights
  2 killer bees
  2 electric eels
  A torpor snail simulacrum (Lair:2)
  2 howler monkeys (D:12)
  A basilisk zombie (Crypt:2)
  21 orc priests
  2 jellies (D:4)
  Jessica (D:2)
  12 orc wizards
  3 hell rats (Lair:5)
  5 lightning spires (Zot:2)
  An ogre zombie (D:10)
  9 gnolls
  6 adders
  A swamp drake skeleton (Crypt:1)
  A worm (D:4)
  3 dart slugs
  57 orcs
  7 ball pythons
  2 endoplasms
  5 giant cockroaches
  3 goblins
  7 hobgoblins
  6 jackals (D:1)
  8 kobolds
  A quokka (D:1)
  3 bats
  6 frilled lizards
  A goblin skeleton (Crypt:1)
  A kobold zombie (Crypt:1)
  5 rats
  A bush (WizLab)
2275 creatures vanquished.

Vanquished Creatures (collateral kills)
  A nagaraja (Snake:4)
  A spark wasp (Depths:3)
  A salamander tyrant (Snake:4)
  The ghost of jonaskbp the Thaumaturge, a journeyman DjSu of Nemelex Xobeh (Lair:1)
  3 hydras
  5 two-headed ogres
  An ogre mage (D:10)
  2 anacondas (Snake:4)
  3 naga warriors (Snake:4)
  A tengu warrior (Depths:3)
  A spriggan berserker (Depths:3)
  A death yak (Lair:4)
  A thrashing horror (Lair:5)
  A naga sharpshooter (Snake:4)
  A goliath frog (Swamp:2)
  A spriggan druid (Swamp:2)
  An orc knight (Orc:2)
  A cyclops (D:14)
  A shining eye (Slime:2)
  An ugly thing (D:14)
  A salamander (Volcano)
  4 black mambas
  3 elephants
  6 cane toads
  2 kobold demonologists
  2 komodo dragons
  A queen bee (Lair:1)
  A tyrant leech (Swamp:2)
  A troll (Orc:2)
  A polar bear (Lair:3)
  3 blink frogs
  A large abomination (Lair:5)
  2 hornets
  2 wyverns
  A fire bat (Volcano)
  A ynoxinul (Lair:5)
  4 basilisks
  3 humans (D:14)
  15 yaks
  A vampire mosquito (Swamp:2)
  A small abomination (Lair:5)
  2 nagas (Snake:4)
  2 wargs
  3 water moccasins
  A nameless horror (D:7)
  2 hell hounds (Volcano)
  An orc warrior (D:10)
  2 black bears
  10 ogres
  A sky beast (D:5)
  8 wolves
  A phantom (D:7)
  8 bullfrogs
  2 wights
  6 killer bees
  A gnoll bouda (D:8)
  3 orc priests
  2 hell rats (Lair:5)
  6 orc wizards
  A scorpion zombie (D:4)
  A hound zombie (D:4)
  2 adders (D:6)
  3 gnolls
  22 orcs
  An endoplasm (D:2)
  A goblin (D:1)
  2 kobolds
  2 butterflies (Lair:4)
181 creatures vanquished.

Vanquished Creatures (others)
  A black draconian (Zot:2)
  A hydra (Lair:4)
  3 two-headed ogres
  4 death yaks (Lair:4)
  A tengu warrior (D:10)
  2 hell knights (Depths:2)
  A sixfirhy (Zot:2)
  2 cane toads
  2 komodo dragons
  A meliai (Lair:1)
  A hornet (D:9)
  A polar bear (Lair:1)
  A shadow (D:9)
  16 yaks
  A wraith (D:9)
  A wyvern (D:10)
  2 wargs (D:10)
  An acid dragon (D:10)
  2 water moccasins
  A sky beast (D:5)
  A black bear (D:10)
  A small abomination (Lair:5)
  3 ice beasts
  3 ogres
  6 wolves
  A scorpion (D:5)
  A bullfrog (D:10)
  A gnoll sergeant (D:7)
  16 wights
  A necrophage (D:7)
  2 hounds (D:5)
  2 gnoll boudas (D:5)
  2 orc priests
  A jelly (D:5)
  2 iguanas (D:5)
  12 gnolls
  A worm (D:4)
  2 orcs (D:5)
  A jackal (D:1)
  5 ball lightnings (Zot:2)
  A butterfly (Lair:4)
  14 foxfires
  53 fungi
  80 plants
  5 toadstools (D:5)
262 creatures vanquished.

Grand Total: 2718 creatures vanquished

Notes
Turn   | Place    | Note
-------+----------+-------------------------------------------
     0 | D:1      | DocSulfur the Djinni Artificer began the quest for the Orb.
     0 | D:1      | Reached XP level 1. HP: 17/17 MP: 0/0
   285 | D:1      | Reached XP level 2. HP: 22/22 MP: 0/0
   351 | D:3      | Reached skill level 1 in Spellcasting
   395 | D:3      | Reached XP level 3. HP: 20/27 MP: 0/0
   395 | D:3      | Learned a level 1 spell: Summon Small Mammal
   655 | D:4      | Reached XP level 4. HP: 32/32 MP: 0/0
   656 | D:4      | Noticed a centaur
   922 | D:2      | Noticed Jessica
   932 | D:2      | Killed Jessica
  1380 | D:1      | Reached XP level 5. HP: 34/37 MP: 0/0
  1380 | D:1      | Learned a level 2 spell: Blink
  2434 | D:3      | Found a glowing golden altar of the Shining One.
  2961 | D:4      | Found a hide-covered altar of Uskayaw.
  3132 | D:4      | Reached XP level 6. HP: 30/42 MP: 0/0
  3239 | D:5      | Entered Level 5 of the Dungeon
  3244 | D:4      | Found a sparkling altar of Nemelex Xobeh.
  3299 | D:4      | Reached skill level 5 in Evocations
  3609 | D:5      | HP: 2/42 [centaur (1)]
  4105 | D:6      | Noticed a sky beast
  4404 | D:4      | Found a blossoming altar of Fedhas.
  4474 | D:4      | Reached XP level 7. HP: 47/47 MP: 0/0
  4474 | D:4      | Learned a level 3 spell: Summon Guardian Golem
  4508 | D:4      | Found a basalt altar of Yredelemnul.
  4600 | D:4      | Found a broken altar of Ashenzari.
  4640 | D:4      | Became a worshipper of Ashenzari the Shackled
  5698 | D:5      | Reached skill level 1 in Throwing
  6023 | D:5      | Reached XP level 8. HP: 55/55 MP: 0/0
  6093 | D:5      | Found a glowing silver altar of Zin.
  7710 | D:6      | Found an ornate altar of the Wu Jian Council.
  8740 | D:5      | Reached XP level 9. HP: 62/63 MP: 0/0
  8740 | D:5      | Learned a level 4 spell: Summon Ice Beast
  8940 | D:6      | Reached skill level 5 in Spellcasting
  9204 | D:7      | Reached skill level 5 in Fighting
  9708 | D:7      | Found a staircase to the Ecumenical Temple.
  9724 | Temple   | Entered the Ecumenical Temple
  9879 | D:7      | Noticed a nameless horror
 10179 | D:7      | Killed a nameless horror
 10341 | D:7      | Reached XP level 10. HP: 67/73 MP: 0/0
 10358 | D:7      | Reached skill level 5 in Throwing
 11465 | D:8      | Found a stormy altar of Qazlal.
 11475 | D:8      | Reached * piety under Ashenzari
 11518 | D:8      | Found Osoruafo's Armour Boutique.
 11533 | D:8      | Found Dousk's Assorted Antiques.
 11537 | D:8      | Found Onuaz's Armour Boutique.
 11538 | D:8      | Found Hueqogoff's General Store.
 11854 | D:8      | Reached ** piety under Ashenzari
 12684 | D:9      | Found a flagged portal.
 12690 | Bailey   | Entered a bailey
 13276 | D:9      | Found a snail-covered altar of Cheibriados.
 13366 | D:9      | Reached skill level 3 in Dodging
 13704 | D:9      | Reached skill level 4 in Dodging
 13709 | D:9      | Reached XP level 11. HP: 68/85 MP: 0/0
 13709 | D:9      | Learned a level 4 spell: Animate Armour
 14119 | D:10     | Entered Level 10 of the Dungeon
 14419 | D:10     | Reached skill level 5 in Dodging
 14515 | D:10     | Noticed a tengu warrior
 14579 | D:10     | Killed a tengu warrior
 14666 | D:10     | Reached skill level 6 in Dodging
 14688 | D:10     | Found a staircase to the Orcish Mines.
 14700 | D:10     | Found a sacrificial altar of Ru.
 14734 | D:10     | Noticed a sun demon
 14798 | D:10     | Noticed a two-headed ogre
 14805 | D:10     | Noticed a two-headed ogre
 15071 | D:10     | Noticed an orange crystal statue
 15199 | D:10     | Noticed a two-headed ogre
 15209 | D:10     | Killed a two-headed ogre
 15232 | D:10     | Killed a two-headed ogre
 15376 | D:10     | Found a staircase to the Lair.
 15412 | D:10     | Killed a two-headed ogre
 15413 | D:10     | Reached skill level 7 in Dodging
 15667 | D:10     | Reached XP level 12. HP: 33/94 MP: 0/0
 16009 | D:8      | Bought a +2 robe of the Archmagi for 527 gold pieces
 16262 | D:10     | Noticed a two-headed ogre
 16262 | D:10     | Noticed a two-headed ogre
 16263 | D:10     | Noticed a two-headed ogre
 16265 | D:10     | Noticed an ogre mage
 16277 | D:10     | Killed a two-headed ogre
 16280 | D:10     | Killed a two-headed ogre
 16281 | D:10     | Reached skill level 10 in Fighting
 16326 | D:10     | Killed an ogre mage
 16327 | D:10     | Reached skill level 8 in Dodging
 16513 | D:10     | Killed a two-headed ogre
 16634 | D:10     | Identified the ring "Fitsud" {rPois rF+ Str+9 Stlth-}
 17962 | D:11     | Noticed a two-headed ogre
 18008 | Orc:1    | Entered Level 1 of the Orcish Mines
 18043 | Orc:2    | Entered Level 2 of the Orcish Mines
 18068 | Orc:2    | Found a staircase to the Elven Halls.
 18347 | Lair:1   | Entered Level 1 of the Lair of Beasts
 18491 | Lair:1   | Reached skill level 9 in Dodging
 18625 | Lair:1   | Found a transporter.
 18681 | Lair:1   | Noticed jonaskbp's ghost (journeyman DjSu)
 18875 | Lair:1   | Noticed a six-headed hydra
 18884 | Lair:1   | Killed a six-headed hydra
 19059 | Lair:1   | Noticed a six-headed hydra
 19067 | Lair:1   | Killed a six-headed hydra
 19203 | Lair:1   | Reached XP level 13. HP: 79/103 MP: 0/0
 19203 | Lair:1   | Learned a level 5 spell: Fireball
 19600 | Lair:1   | Found a transporter.
 20227 | Lair:1   | Killed jonaskbp's ghost
 20508 | Lair:2   | Found a staircase to the Snake Pit.
 20515 | Lair:2   | Reached skill level 1 in Shields
 20559 | Lair:2   | Found a runed translucent gate.
 20559 | Lair:2   | Found a runed translucent gate.
 20559 | Lair:2   | Found a runed translucent gate.
 20560 | Lair:2   | Noticed Flure's ghost (journeyman KoBr)
 21076 | Lair:2   | Found a staircase to the Swamp.
 22117 | Lair:2   | Killed Flure's ghost
 22461 | Lair:3   | Noticed Amaemon
 22561 | Lair:3   | Reached skill level 10 in Spellcasting
 22667 | Lair:3   | Reached skill level 5 in Shields
 22792 | Lair:3   | Noticed Nergalle
 22796 | Lair:3   | Killed Nergalle
 22875 | Lair:3   | Noticed Prince Ribbit
 22893 | Lair:3   | Killed Prince Ribbit
 23315 | Lair:3   | Killed Amaemon
 23818 | Lair:3   | Reached XP level 14. HP: 92/112 MP: 0/0
 25075 | Lair:4   | Found a viscous altar of Jiyva.
 25077 | Lair:4   | Found a staircase to the Slime Pits.
 26795 | Lair:5   | Entered Level 5 of the Lair of Beasts
 26813 | Lair:5   | Found a dark tunnel.
 26822 | Volcano  | Entered a volcano
 27288 | Lair:5   | Reached XP level 15. HP: 68/120 MP: 0/0
 27288 | Lair:5   | Learned a level 6 spell: Iron Shot
 29332 | Lair:5   | Found a corrupted altar of Lugonu.
 29332 | Lair:5   | Found a one-way gate to the infinite horrors of the Abyss.
 30107 | Orc:1    | Reached skill level 15 in Fighting
 30486 | Orc:1    | Found Bummedeng's Gadget Gallery.
 31021 | Orc:2    | Noticed Maurice
 31025 | Orc:2    | Killed Maurice
 31096 | Orc:2    | Noticed Sonja
 31098 | Orc:2    | Killed Sonja
 31233 | Orc:2    | Paralysed by an orc sorcerer for 3 turns
 31611 | Orc:2    | Noticed an orc warlord
 31620 | Orc:2    | Killed an orc warlord
 31807 | Orc:2    | Reached XP level 16. HP: 114/130 MP: 0/0
 31834 | Orc:2    | Found Xouty's Antique Armour Boutique.
 31840 | Orc:2    | Found Qauwiki's Antique Weapon Boutique.
 31856 | Orc:2    | Found Kakka's Book Boutique.
 31889 | Orc:2    | Found Ughi's General Store.
 32373 | Orc:2    | Bought a runed helmet for 202 gold pieces
 32373 | Orc:2    | Bought a shiny helmet for 202 gold pieces
 32479 | Orc:2    | Bought a glowing scarf for 216 gold pieces
 32503 | Orc:2    | Bought a steaming demon trident for 720 gold pieces
 32503 | Orc:2    | Identified the +7 demon trident of Archeilu {vorpal, rF+}
                  | (You bought it in a shop on level 2 of the Orcish Mines)
 32615 | D:12     | Reached skill level 10 in Dodging
 32777 | D:11     | Noticed Grum
 32781 | D:11     | Killed Grum
 33066 | D:11     | Noticed Urug
 33068 | D:11     | Killed Urug
 33316 | D:11     | Reached *** piety under Ashenzari
 34273 | D:13     | Reached skill level 11 in Dodging
 34485 | D:13     | Noticed Jorgrun
 34489 | D:13     | Killed Jorgrun
 35368 | D:15     | Entered Level 15 of the Dungeon
 35502 | D:14     | Reached skill level 12 in Dodging
 35834 | D:14     | Found a gate to the Vaults.
 36559 | D:14     | Found a runed translucent door.
 36559 | D:14     | Noticed a frost giant
 37655 | D:15     | Reached XP level 17. HP: 127/139 MP: 0/0
 37655 | D:15     | Learned a level 6 spell: Starburst
 37702 | D:15     | Noticed Nessos
 37703 | D:15     | Reached skill level 13 in Dodging
 37704 | D:15     | Killed Nessos
 38454 | D:15     | Found a staircase to the Depths.
 38649 | Swamp:1  | Entered Level 1 of the Swamp
 39199 | Swamp:1  | Reached skill level 14 in Dodging
 39531 | Swamp:1  | Noticed Donald
 39534 | Swamp:1  | Killed Donald
 40552 | Swamp:2  | Identified the +10 broad axe of the Apocalypse {vorpal,
                  | rPois Will+ Int+2}
 40557 | Swamp:2  | Found the dreamshard necklace {*Dream Drain}
 40601 | Swamp:2  | Identified Roxanne's Grimoire of Sculpting
 40601 | Swamp:2  | Noticed Roxanne
 40753 | Swamp:2  | Found a runed translucent door.
 40757 | Swamp:2  | Noticed Ypsiuj's ghost (adept GnSk)
 40771 | Swamp:2  | Killed Ypsiuj's ghost
 41077 | Swamp:3  | Reached skill level 15 in Spellcasting
 41340 | Swamp:3  | Noticed Kirke
 41344 | Swamp:3  | Killed Kirke
 42013 | Swamp:4  | Entered Level 4 of the Swamp
 42021 | Swamp:4  | Reached XP level 18. HP: 136/148 MP: 0/0
 42464 | Swamp:4  | Noticed a tentacled monstrosity
 42471 | Swamp:4  | Killed a tentacled monstrosity
 43253 | Swamp:4  | Got a decaying rune of Zot
 43574 | Snake:1  | Entered Level 1 of the Snake Pit
 43749 | Snake:1  | Found Raunuk Liki's Book Boutique.
 44154 | Snake:1  | Identified a scroll of acquirement
 44798 | Snake:1  | Acquired 852 gold pieces
 45177 | Snake:2  | Found Qofuuf's General Store.
 45624 | Snake:3  | Found a frozen archway.
 45660 | IceCv    | Entered an ice cave
 45964 | IceCv    | Reached XP level 19. HP: 138/155 MP: 0/0
 45964 | IceCv    | Learned a level 7 spell: Monstrous Menagerie
 46243 | IceCv    | Reached skill level 5 in Armour
 46441 | IceCv    | Noticed an Ice Fiend
 46442 | IceCv    | Noticed an Ice Fiend
 46443 | IceCv    | Killed an Ice Fiend
 46448 | IceCv    | Killed an Ice Fiend
 46896 | Snake:3  | Acquired 838 gold pieces
 47571 | Snake:3  | Noticed Aizul
 47575 | Snake:3  | Killed Aizul
 48319 | Snake:4  | Entered Level 4 of the Snake Pit
 48693 | Snake:4  | Identified the +1 leather armour of Utaude {Contam Harm Fly
                  | MP+9}
 49408 | Snake:4  | Reached skill level 1 in Polearms
 50324 | Snake:4  | Reached skill level 5 in Polearms
 50335 | Snake:4  | Reached XP level 20. HP: 132/166 MP: 0/0
 50379 | Snake:4  | Got a serpentine rune of Zot
 50979 | Swamp:2  | Killed Roxanne
 50980 | Swamp:2  | Reached skill level 1 in Axes
 51177 | Depths:1 | Entered Level 1 of the Depths
 51861 | Depths:1 | Found Sejoiti's Assorted Antiques.
 51872 | Depths:1 | Bought a scroll of teleportation for 102 gold pieces
 51909 | Depths:1 | Found a one-way gateway to a ziggurat.
 52285 | Depths:1 | Noticed Louise
 52291 | Depths:1 | Killed Louise
 52746 | Depths:1 | Found a gateway to Hell.
 53098 | Depths:1 | Reached skill level 5 in Axes
 53749 | Depths:2 | Noticed a tentacled monstrosity
 53750 | Depths:2 | Killed a tentacled monstrosity
 54267 | Depths:2 | Acquired the amulet "Sisyrit" {Reflect rPois Will+ rCorr
                  | SH+5}
 54299 | Depths:2 | Noticed a juggernaut
 54304 | Depths:2 | Killed a juggernaut
 55020 | Depths:2 | Noticed a walking crystal tome
 55072 | Depths:2 | Killed a walking crystal tome
 55583 | Depths:2 | Found a one-way gate leading to the halls of Pandemonium.
 56130 | Depths:2 | Reached **** piety under Ashenzari
 56427 | Depths:3 | Found an opulent altar of Gozag.
 56490 | Depths:3 | Reached skill level 10 in Shields
 56677 | Depths:3 | Reached XP level 21. HP: 106/171 MP: 0/0
 56677 | Depths:3 | Learned a level 8 spell: Borgnjor's Revivification
 57906 | Depths:3 | Identified the +4 ring mail of Icoiz {rF++ rN+}
 58121 | Depths:3 | Identified the +7 scimitar "Veigeh" {spect, rF+ Int+7
                  | Dex-4}
 58154 | Depths:3 | Noticed a caustic shrike
 58288 | Depths:3 | Reached skill level 10 in Armour
 58688 | Elf:1    | Entered Level 1 of the Elven Halls
 58688 | Elf:1    | Found Etulum's Armour Boutique.
 58689 | Elf:1    | Found Qear's Book Boutique.
 58689 | Elf:1    | Found Arphuebb's Magic Scroll Shop.
 58698 | Elf:1    | Found Baurue's Antique Weapon Shop.
 58710 | Elf:1    | Identified the ring "Yjae" {rElec rF- rN+ Will- Int+6
                  | Stlth+}
 58895 | Elf:1    | Identified Paev's Commentary on the Gathering
 59238 | Elf:1    | Found Lugem's Antique Weapon Shoppe.
 60083 | Elf:2    | Found Zouxo's Distillery.
 61106 | Elf:2    | Reached XP level 22. HP: 131/179 MP: 0/0
 61337 | Elf:2    | Identified the Spellbook of Conjuring and Generation
 61573 | Elf:2    | Found a runed translucent gate.
 61573 | Elf:2    | Found a runed translucent gate.
 61573 | Elf:2    | Found a runed translucent gate.
 62347 | Elf:3    | Entered Level 3 of the Elven Halls
 62404 | Elf:3    | Found Toth's General Store.
 62416 | Elf:3    | Bought a scroll of magic mapping for 135 gold pieces
 62416 | Elf:3    | Bought a potion of heal wounds for 90 gold pieces
 63279 | Elf:3    | Found Jimixkug's Antique Armour Shoppe.
 63305 | Elf:3    | Found Deodie's Weapon Emporium.
 63540 | Elf:3    | Identified the +2 ring mail "Idoket" {+Blink Dex+3}
 63541 | Elf:3    | Identified the +4 long sword of Grace {venom, *Rage Int+6
                  | Dex+4}
 63577 | Elf:3    | Identified the ring "Pemeyss" {Fire *Corrode Fly MP+9
                  | Str-3}
 63690 | Elf:3    | Identified Lehudib's Essays on Confrontation and Minerals
 64382 | Slime:1  | Entered Level 1 of the Pits of Slime
 65005 | Slime:1  | Gained mutation: Your spells are a little easier to cast,
                  | but a little less powerful. [a shining eye]
 65255 | Slime:2  | Lost mutation: Your spells are a little easier to cast, but
                  | a little less powerful. [potion of mutation]
 65255 | Slime:2  | Gained mutation: You are frail. (-10% HP) [potion of
                  | mutation]
 65255 | Slime:2  | Lost mutation: You are frail. (-10% HP) [potion of
                  | mutation]
 65255 | Slime:2  | Gained mutation: You are dopey. (Int -2) [potion of
                  | mutation]
 65255 | Slime:2  | Gained mutation: Your spells are a little harder to cast,
                  | but a little more powerful. [potion of mutation]
 65262 | Slime:1  | Reached XP level 23. HP: 157/189 MP: 0/0
 65262 | Slime:1  | Learned a level 7 spell: Enfeeble
 66364 | Slime:4  | Gained mutation: You have hidden genetic defects. [a
                  | shining eye]
 66603 | Slime:4  | Lost mutation: You are dopey. (Int -2) [potion of mutation]
 66603 | Slime:4  | Lost mutation: Your spells are a little harder to cast, but
                  | a little more powerful. [potion of mutation]
 66603 | Slime:4  | Gained mutation: You are strong-willed. (Will+) [potion of
                  | mutation]
 66603 | Slime:4  | Gained mutation: You are clumsy. (Dex -2) [potion of
                  | mutation]
 66603 | Slime:4  | Lost mutation: You have hidden genetic defects. [potion of
                  | mutation]
 66615 | Slime:5  | Entered Level 5 of the Pits of Slime
 66915 | Slime:4  | Reached ***** piety under Ashenzari
 66965 | Slime:5  | Identified the +3 scale mail of Henotheism {rF+ SInv}
 66966 | Slime:5  | Identified the +5 shortbow of Discretion {flame, Will+
                  | Int+3 Dex+3}
 66967 | Slime:5  | Found the +10 zealot's sword {holy, *Rage rN+ EV+3}
 67067 | Slime:5  | Noticed the Royal Jelly
 67364 | Slime:5  | Killed the Royal Jelly
 67667 | Slime:5  | Identified the +3 troll leather armour "Fudghezav" {Regen+
                  | Dex+4}
 67668 | Slime:5  | Identified Magic, Part Two
 67669 | Slime:5  | Identified the ring "Istid" {Str+4 SInv}
 67787 | Slime:5  | Got a slimy rune of Zot
 68858 | Snake:1  | Bought a manual of Polearms for 1600 gold pieces
 69067 | Depths:3 | Found Dysham's Magic Scroll Boutique.
 69214 | Depths:3 | Identified the +0 battleaxe "Tycaces" {pain, Fly rF+ Will+
                  | MP+9}
 69487 | Depths:3 | Killed a caustic shrike
 69524 | Depths:3 | Noticed a caustic shrike
 69574 | Depths:3 | Killed a caustic shrike
 69715 | Depths:3 | Identified the Guidebook on Death and Flames
 70000 | Depths:3 | Identified the +1 scale mail of Jeumay Ymifa {rPois rF+}
 70420 | Depths:3 | Reached XP level 24. HP: 159/206 MP: 0/0
 70698 | Depths:4 | Entered Level 4 of the Depths
 70706 | Depths:4 | Found a magical portal.
 70717 | WizLab   | Entered Eringya's Formal Garden
 70931 | WizLab   | Reached skill level 15 in Armour
 71362 | WizLab   | Found a blossoming altar of Fedhas.
 71738 | Depths:4 | Found a gate to the Realm of Zot.
 72107 | Depths:4 | Found Gecwole's Jewellery Emporium.
 72107 | Depths:4 | Found Seimegov's Book Shop.
 72108 | Depths:4 | Found Gyatakh's Jewellery Emporium.
 72108 | Depths:4 | Identified the +4 chain mail of the Dragon {Stlth+}
 72144 | Depths:4 | Noticed Margery
 72148 | Depths:4 | Killed Margery
 72863 | Depths:4 | Found a glowing silver altar of Zin.
 72863 | Depths:4 | Found a glowing golden altar of the Shining One.
 72863 | Depths:4 | Found a white marble altar of Elyvilon.
 72946 | Depths:4 | Noticed a caustic shrike
 72950 | Depths:4 | Killed a caustic shrike
 72950 | Depths:4 | Noticed a caustic shrike
 72955 | Depths:4 | Killed a caustic shrike
 73190 | Depths:4 | Noticed a caustic shrike
 73194 | Depths:4 | Killed a caustic shrike
 73195 | Depths:4 | Reached skill level 15 in Dodging
 74374 | Zot:1    | Entered Level 1 of the Realm of Zot
 74381 | Zot:1    | Reached skill level 10 in Polearms
 74491 | Zot:2    | Noticed a golden dragon
 74650 | Zot:2    | Killed a golden dragon
 74654 | Zot:2    | Reached XP level 25. HP: 140/212 MP: 0/0
 74654 | Zot:2    | Learned a level 8 spell: Necromutation
 75303 | Vaults:1 | Entered Level 1 of the Vaults
 75636 | Vaults:1 | Reached skill level 16 in Dodging
 76878 | Vaults:2 | Noticed Saint Roka
 76888 | Vaults:2 | Killed Saint Roka
 77449 | Vaults:2 | Found a portal to a secret trove of treasure.
 77589 | Vaults:2 | You paid a toll of 15 scrolls of teleportation to enter a
                  | treasure trove
 77590 | Trove    | Entered a treasure trove
 77594 | Trove    | Identified the +8 quarterstaff of the Bouncing Dances
                  | {vorpal, rF+ Will++ Int-4 Dex+3}
 77595 | Trove    | Identified the +7 short sword of Tismopt {vamp, Fragile
                  | Str+5}
 77595 | Trove    | Identified the ring of Curiosity {MP-9 Str+6 Dex+6}
 78053 | Vaults:2 | Found a staircase to the Crypt.
 79391 | Vaults:3 | Reached skill level 17 in Dodging
 80908 | Vaults:3 | Acquired 542 gold pieces
 81329 | Vaults:4 | Reached XP level 26. HP: 205/215 MP: 0/0
 82006 | Vaults:4 | Found Adyutism's Antique Weapon Boutique.
 82045 | Vaults:4 | Reached skill level 18 in Dodging
 83353 | Vaults:4 | Found the +0 mask of the Dragon {Will+ Slay+3 SInv}
 83380 | Vaults:4 | Reached skill level 15 in Shields
 83730 | Crypt:1  | Entered Level 1 of the Crypt
 84377 | Crypt:2  | Noticed Zenata
 84605 | Crypt:1  | Noticed Bai Suzhen
 84611 | Crypt:1  | Killed Bai Suzhen
 84758 | Crypt:1  | Noticed Mennas
 85068 | Crypt:1  | Acquired 487 gold pieces
 85257 | Crypt:3  | Entered Level 3 of the Crypt
 85264 | Crypt:3  | Reached skill level 19 in Dodging
 85927 | Crypt:2  | Killed Zenata
 86281 | Crypt:3  | Reached XP level 27. HP: 208/225 MP: 0/0
 86281 | Crypt:3  | Learned a level 9 spell: Chain Lightning
 87292 | Crypt:3  | Identified the ring of Relotwyf {rF- rN+ SInv Stlth+}
 87293 | Crypt:3  | Identified the +5 rapier "Wudemmea" {vorpal, *Slow rC+++
                  | Int+7}
 87730 | Crypt:3  | Identified the ring "Gesumohae" {Fly Int+4}
 87868 | Crypt:3  | Noticed Jory
 87872 | Crypt:3  | Found a staircase to the Tomb.
 87874 | Crypt:3  | Killed Jory
 88487 | Crypt:1  | Killed Mennas
 88495 | Crypt:1  | Reached skill level 20 in Dodging
 89615 | Crypt:2  | Noticed Boris
 89619 | Crypt:2  | Killed Boris
 90532 | Elf:1    | Bought a scroll of teleportation for 45 gold pieces
 90532 | Elf:1    | Bought a scroll of enchant weapon for 112 gold pieces
 90532 | Elf:1    | Bought a scroll of teleportation for 45 gold pieces
 90532 | Elf:1    | Bought a scroll of enchant weapon for 112 gold pieces
 90532 | Elf:1    | Bought a scroll of enchant armour for 112 gold pieces
 90532 | Elf:1    | Bought a scroll of magic mapping for 112 gold pieces
 90608 | D:8      | Bought a potion of curing for 30 gold pieces
 90608 | D:8      | Bought a potion of curing for 30 gold pieces
 90608 | D:8      | Bought a potion of cancellation for 80 gold pieces
 90876 | Vaults:5 | Entered Level 5 of the Vaults
 90876 | Vaults:5 | Identified the +0 mace of the Evil Eye {holy, Int+4}
 91326 | Vaults:5 | Identified the ring of Vifiurhutim {Will+ Str+3}
 91328 | Vaults:5 | Noticed a dread lich
 91328 | Vaults:5 | Identified the ring "Hemaist" {rElec Dex+6 Slay+2}
 91330 | Vaults:5 | Reached skill level 21 in Dodging
 91331 | Vaults:5 | Noticed a dread lich
 91680 | Vaults:4 | You are sucked into a shaft and drop 1 floor!
 91785 | Vaults:5 | Killed a dread lich
 91796 | Vaults:5 | Identified the +9 short sword of the Four Planets {drain,
                  | rC++ MP+9 Int-4 Stlth+}
 91796 | Vaults:5 | Identified the ring "Livi" {+Blink rC++ Str+6 Int-5 Slay+4}
 91801 | Vaults:5 | Identified the Quarto of the Invisible Invaders
 91892 | Vaults:5 | Identified the +4 short sword "Isab" {vorpal, rCorr}
 91899 | Vaults:5 | Got a silver rune of Zot
 92217 | Vaults:5 | Identified the +7 hand crossbow of the Blind Eye {freeze,
                  | rPois rC+ Str-4 Int+2}
 92455 | Vaults:5 | Killed a dread lich
 93188 | Vaults:5 | Identified the ring "Taimagugou" {rN+ Int+4}
 93188 | Vaults:5 | Noticed an ancient lich
 93381 | Vaults:5 | Reached skill level 22 in Dodging
 94209 | Vaults:5 | Killed an ancient lich
 97029 | Zot:2    | Reached skill level 23 in Dodging
 97517 | Zot:2    | Identified the +12 gold dragon scales "Vilerhey" {Harm
                  | rPois rF+ rC+ Str+7 Int+2 Stlth-}
 99759 | Zot:3    | Identified the +9 hand axe "Giantslayer" {spect, *Rage
                  | rCorr Str+8 Stlth-}
100230 | Zot:5    | Entered Level 5 of the Realm of Zot
100690 | Zot:4    | Identified the ring "Omuetsec" {Ice *Slow rElec Will-
                  | Int+9}
100690 | Zot:4    | Noticed Josephina
100694 | Zot:4    | Killed Josephina
101097 | Zot:4    | Noticed an orb of fire
101101 | Zot:4    | Killed an orb of fire
101313 | Zot:4    | Noticed a Killer Klown
101317 | Zot:4    | Killed a Killer Klown
102177 | Zot:5    | Reached ****** piety under Ashenzari
102713 | Zot:5    | Noticed an orb of fire
102718 | Zot:5    | Killed an orb of fire
102884 | Zot:5    | Noticed a Killer Klown
102885 | Zot:5    | Noticed a dread lich
102889 | Zot:5    | Killed a dread lich
102889 | Zot:5    | Killed a Killer Klown
103063 | Zot:5    | Noticed an orb of fire
103067 | Zot:5    | Killed an orb of fire
103173 | Zot:5    | Noticed a dread lich
103176 | Zot:5    | Killed a dread lich
103283 | Zot:5    | Noticed an orb of fire
103289 | Zot:5    | Noticed an orb of fire
103290 | Zot:5    | Killed an orb of fire
103295 | Zot:5    | Killed an orb of fire
103620 | Zot:5    | Noticed an ancient lich
103628 | Zot:5    | Killed an ancient lich
103633 | Zot:5    | Noticed an orb of fire
103635 | Zot:5    | Noticed an orb of fire
103637 | Zot:5    | Killed an orb of fire
103875 | Zot:5    | Killed an orb of fire
103879 | Zot:5    | Noticed a Killer Klown
103882 | Zot:5    | Killed a Killer Klown
104031 | Zot:5    | Noticed a Killer Klown
104043 | Zot:5    | Killed a Killer Klown
104449 | Zot:5    | Noticed an orb of fire
104451 | Zot:5    | Gained mutation: You are frail. (-10% HP) [an orb of fire]
104457 | Zot:5    | Killed an orb of fire
104462 | Zot:5    | Lost mutation: You are clumsy. (Dex -2) [potion of
                  | mutation]
104462 | Zot:5    | Lost mutation: You are strong-willed. (Will+) [potion of
                  | mutation]
104462 | Zot:5    | Lost mutation: You are frail. (-10% HP) [potion of
                  | mutation]
104462 | Zot:5    | Gained mutation: Armour fits poorly on your strangely
                  | shaped body. [potion of mutation]
104462 | Zot:5    | Gained mutation: Your body sometimes deteriorates upon
                  | taking damage. [potion of mutation]
104462 | Zot:5    | Gained mutation: You passively dampen the noise of your
                  | surroundings. [potion of mutation]
104463 | Zot:5    | Lost mutation: You passively dampen the noise of your
                  | surroundings. [potion of mutation]
104463 | Zot:5    | Lost mutation: Armour fits poorly on your strangely shaped
                  | body. [potion of mutation]
104463 | Zot:5    | Lost mutation: Your body sometimes deteriorates upon taking
                  | damage. [potion of mutation]
104463 | Zot:5    | Gained mutation: You have very sharp teeth. [potion of
                  | mutation]
104463 | Zot:5    | Gained mutation: You are agile. (Dex +4, Str/Int -1)
                  | [potion of mutation]
104464 | Zot:5    | Lost mutation: You are agile. (Dex +4, Str/Int -1) [potion
                  | of mutation]
104464 | Zot:5    | Lost mutation: You have very sharp teeth. [potion of
                  | mutation]
104464 | Zot:5    | Gained mutation: You are clumsy. (Dex -2) [potion of
                  | mutation]
104465 | Zot:5    | Lost mutation: You are clumsy. (Dex -2) [potion of
                  | mutation]
104465 | Zot:5    | Gained mutation: You have a beak for a mouth. [potion of
                  | mutation]
104465 | Zot:5    | Gained mutation: You are strong-willed. (Will+) [potion of
                  | mutation]
105049 | Zot:5    | Lost mutation: You have a beak for a mouth. [potion of
                  | mutation]
105049 | Zot:5    | Lost mutation: You are strong-willed. (Will+) [potion of
                  | mutation]
105049 | Zot:5    | Gained mutation: You sometimes lose your temper in combat.
                  | [potion of mutation]
105050 | Zot:5    | Lost mutation: You sometimes lose your temper in combat.
                  | [potion of mutation]
105050 | Zot:5    | Gained mutation: You are somewhat resistant to further
                  | mutation. [potion of mutation]
105050 | Zot:5    | Gained mutation: You are partially covered in iridescent
                  | scales. (AC +2) [potion of mutation]
106330 | Zot:5    | Got the Orb of Zot
106732 | D:7      | Noticed a seraph
106872 | D:$      | Escaped with the Orb!

Illustrated notes

Levels and vault maps discovered:
D:1:      lightli_arrival_boilingwater, layout_loops_ring, supply_closet_lemuel
D:2:      layout_rooms, grunt_ministairs_10, uniq_jessica
D:3:      layout_loops_corners, tso_metal_star
D:4:      layout_cave_pools, lemuel_crystal_altar,
          ashenzari_conservatory_becter, lemuel_zombie_altar_yredelemnul,
          fedhas_altar_4, amcnicky_altar_gilded
D:5:      layout_basic, mainiacjoe_overflow_paths, minmay_gold_behind_fungi
D:6:      layout_rooms, mainiacjoe_overflow_small_starburst
D:7:      layout_layer_cave, minmay_temple_entry_hall
D:8:      layout_cave_pools, nicolae_overflow_hidden_temple,
          minmay_shop_grid_forest, hangedman_abyss_or_decor_stabs,
          minmay_misc_feat_ornament, serial_bayou_pond_c
D:9:      layout_basic, kennysheep_little_box, enter_bailey_1
D:10:     lemuel_ogre_cave, layout_basic, nicolae_ru_the_path_less_chosen,
          grunt_lair_entry_orc_guard_hut, minmay_orc_entry_guard_dogs,
          nrook_uturn, minivault_16, dreamdust_deal_with_the_devil
D:11:     layout_small_grid, uniq_urug, uniq_grum
D:12:     layout_loops_ring, amcnicky_mini_pool_medium
D:13:     layout_basic, uniq_jorgrun
D:14:     layout_loops_ring, david_vaults_3, grunt_ministairs_7,
          wad_floor_pattern_untrapped, minmay_hidden_floor
D:15:     grunt_enter_depths_hoard, layout_rooms, amethyst_killhole,
          grunt_decor_clamped, uniq_nessos
Temple:   jpeg_temple_clearing
Lair:1:   layout_cave_pods, gammafunk_ghost_hive, st_stairs_7, lemuel_fruit_tree
Lair:2:   layout_cave_pods, swamp_mist, minmay_snake_entry_spellcaster,
          gammafunk_ghost_necromancy, infiniplex_staircase_pool_2
Lair:3:   layout_cave_pods, serial_bayou_pond_d, grunt_megastairs_2,
          uniq_nergalle, uniq_amaemon, uniq_prince_ribbit2
Lair:4:   layout_cave_pods, minmay_slime_entry_oklob_enclosed,
          beast_lair_carwin_11, serial_bayou_shore_b, lemuel_fruit_fields,
          serial_bayou_shore_a, serial_bayou_shore_b, grunt_megastairs_5
Lair:5:   hellmonk_lair_end_abyssal_woods, layout_cave_shapes,
          nicolae_volcano_entry_two_sided
Swamp:1:  layout_falls_marsh, nicolae_swamp_well_well_well,
          nicolae_swamp_dense_foliage, uniq_donald
Swamp:2:  layout_falls_marsh, ebering_ghost_reflecting_pool,
          evilmike_swamp_ruin_house_1, uniq_roxanne
Swamp:3:  layout_falls_marsh, nicolae_swamp_bean_lake, swamp_pool4,
          nicolae_swamp_nymph_family_reunion, uniq_kirke
Swamp:4:  swamp_basic_johnstein, layout_basic_swamp, swamp_pool4
Snake:1:  layout_onion, serial_shops, shop
Snake:2:  layout_cave_shapes, serial_shops, shop, nicolae_snake_coiling_death
Snake:3:  layout_chambers, portal_ice_cave_entry_dragon, drop_trap,
          nicolae_elevator_lobby_plus, serial_bayou_shore_b, uniq_aizul
Snake:4:  grunt_snake_rune_serpentine_throne, layout_misc_corridors,
          grunt_ministairs_8
Slime:1:  layout_caves
Slime:2:  layout_caves, cheibrodos_slime_lost_civilization_6
Slime:3:  layout_caves
Slime:4:  layout_caves
Slime:5
Orc:1:    layout_diamond_mine, nicolae_shop_gadgets
Orc:2:    grunt_orc_cross, layout_caves, uniq_sonja, uniq_maurice
Elf:1:    layout_geoelf_diagonals, serial_shops, nicolae_shop_stone,
          minmay_elf_demonology, minmay_shoptagon
Elf:2:    elven_hall_of_blades_hangedman_original [nicolae_blade_lattice],
          layout_loops_cross, serial_shops, shop, minmay_elf_sorcery
Elf:3:    elf_hall, layout_loops_corners, serial_shops, nicolae_diamond_shop,
          shop_fountains, nicolae_shop_waterfront, elves_outpost_lemuel,
          grunt_megastairs_1
Vaults:1: v_misc_11, v_misc_24, v_pattern_4, grunt_vaults_diagonal, v_rooms_4,
          vaults_mumra_hex, ontoclasm_vaults_tryst, hangedman_vaults_stagger,
          v_misc_5, layout_vaults_big_cross
Vaults:2: v_alt_pattern_1, grunt_vaults_focal, minmay_crypt_entry_vampire_xt,
          vaults_room_door_ring, ontoclasm_vaults_hangar,
          hangedman_vaults_impose, grunt_vaults_hallway_long,
          special_room_vaults [special_room_orc], ontoclasm_vaults_gateway,
          v_misc_1, grunt_vaults_swirl, vaults_room_door_ring,
          nicolae_vaults_angled_halls, ontoclasm_vaults_bender, v_misc_8,
          grunt_vaults_funnel, ontoclasm_vaults_hangar, vaults_dpeg_hooks,
          layout_vaults_omnibox, enter_trove_2, uniq_saint_roka
Vaults:3: vaults_room_semicircle, nicolae_vaults_triangles,
          hangedman_vaults_nails, nicolae_vaults_specimen_jars,
          vaults_mumra_hexcomb, hangedman_vaults_trim, v_alt_pattern_5,
          v_misc_13, layout_vaults_big_room
Vaults:4: dpeg_vaults_monster_row, vaults_mumra_minichess_inversion, v_misc_11,
          v_alt_pattern_4, nicolae_vaults_network_barrier,
          nicolae_vaults_ring_of_whatevers, hangedman_vaults_slice, v_pattern_1,
          ontoclasm_vaults_pinch, nicolae_vaults_quartermaster, v_misc_22,
          nicolae_vaults_little_squares_1, layout_vaults_maze_bifur,
          serial_shops, nicolae_shop_overgrown_old_shop
Vaults:5
Crypt:1:  layout_catacombs, grunt_ministairs_10, skrybe_necro_troll_2,
          lemuel_upstairs_altar, uniq_bai_suzhen, uniq_mennas
Crypt:2:  layout_gridlike, tombwall_bobbens, uniq_boris, uniq_zenata
Crypt:3:  grunt_crypt_end_deaths_head
Depths:1: layout_honeycomb, enter_ziggurat_d, serial_shops,
          nicolae_shop_overgrown_old_shop,
          nicolae_abyss_entry_one_way_or_another,
          chequers_serial_rivers_micro_c, hellmouth_1, nrook_loot_triangle,
          lightli_fourway_metalbox
Depths:2: evilmike_cross, layout_cave_shapes, grunt_pan_entry_zigzag,
          hell_entry, abyss_entry_glasseish, minmay_staircase_statues_hall_large
Depths:3: hangedman_six_sided_sadism, layout_basic, grunt_gozag_breadcrumbs,
          serial_shops, kennysheep_mini, hell_entry, rand_demon_pan_entry_3,
          abyss_entry, chequers_decorated_corner, infiniplex_staircase_zigzag_2,
          serial_bayou_shore_b
Depths:4: grunt_zot_entry_bicorn, layout_cave_pools, mu_enter_wizlab_1,
          minmay_misc_feat_chi, pan_entry, grunt_metal_band, hallowed_hall,
          minmay_shop_grove
Zot:1:    layout_cellular_growth, grunt_ministairs_7
Zot:2:    infiniplex_zot_generator, layout_concentric_octagons
Zot:3:    layout_misc_corridors, hangedman_zot_decor_unnerving_road
Zot:4:    layout_cathedral_of_symmetry, grunt_ministairs_7, uniq_josephina
Zot:5:    layout_gridlike, grunt_ministairs_9

Skill      XL: |  1  2  3  4  5  6  7  8  9 10 11 12 13 14 15 16 17 18 19 20 21 22 23 24 25 26 27 |
---------------+----------------------------------------------------------------------------------+-----
Spellcasting   | 1 2 3 4 5 7 8 9 10 11 12 13 15 16 17 18 19 21 | 21.5
Evocations     | 4 5 6 |  6.6
Throwing       | 1 3 4 5 |  5.8
Fighting       | 2 4 6 7 9 11 12 13 15 16 17 18 19 20 21 | 21.6
Dodging        | 4 7 9 12 14 15 17 19 23 | 23.8
Shields        | 6 9 10 12 14 15 20 | 20.7
Armour         | 4 8 9 10 13 17 21 | 21.7
Polearms       | 5 7 10 11 | 11.9
Axes           | 7 |  7.9
Stealth        | |  0.7

Action                   |  1- 3 |  4- 6 |  7- 9 | 10-12 | 13-15 | 16-18 | 19-21 | 22-24 | 25-27 || total
-------------------------+-------+-------+-------+-------+-------+-------+-------+-------+-------++-------
Melee: Club              |    40 |       |       |       |       |       |       |       |       ||    40
       Spear             |       |   118 |    87 |    22 |       |       |       |       |       ||   227
       Punch             |       |     2 |     1 |     1 |     2 |       |       |       |       ||     6
       Battleaxe         |       |       |       |    77 |       |       |       |       |       ||    77
       Mace              |       |       |       |     5 |    11 |       |       |       |       ||    16
       Staff             |       |       |       |       |   107 |    48 |    10 |       |    16 ||   181
       Demon trident     |       |       |       |       |       |     7 |    26 |       |       ||    33
       Broad axe         |       |       |       |       |       |       |     2 |       |       ||     2
       Lance             |       |       |       |       |       |       |       |    72 |       ||    72
 Fire: Sling             |     2 |    47 |       |       |       |       |       |       |       ||    49
Throw: Boomerang         |       |    53 |    43 |    24 |       |       |       |       |       ||   120
       Dart              |       |       |       |       |     9 |       |       |       |       ||     9
       Throwing net      |       |       |       |       |       |     3 |       |     1 |       ||     4
 Cast: Summon Small Mamm |       |    31 |    38 |    38 |    18 |       |       |       |       ||   125
       Blink             |       |     2 |       |     2 |     1 |     2 |     2 |     1 |       ||    10
       Summon Guardian G |       |       |    68 |    82 |    32 |     1 |       |       |       ||   183
       Summon Ice Beast  |       |       |    16 |    76 |    82 |    14 |     3 |       |       ||   191
       Animate Armour    |       |       |       |     2 |       |       |       |       |       ||     2
       Fireball          |       |       |       |       |   205 |   272 |   235 |   224 |   141 ||  1077
       Iron Shot         |       |       |       |       |    19 |   143 |   220 |   278 |   657 ||  1317
       Starburst         |       |       |       |       |       |     5 |    10 |    13 |    51 ||    79
       Monstrous Menager |       |       |       |       |       |       |    32 |     3 |       ||    35
       Necromutation     |       |       |       |       |       |       |       |       |    48 ||    48
       Chain Lightning   |       |       |       |       |       |       |       |       |   230 ||   230
       Enfeeble          |       |       |       |       |       |       |       |       |    12 ||    12
Invok: Curse Item        |       |       |     1 |     3 |       |     2 |     4 |     3 |     5 ||    18
       Shatter the Chain |       |       |       |     1 |       |     1 |     2 |     2 |     3 ||     9
 Abil: End Transformatio |       |       |       |       |       |       |       |       |     3 ||     3
Evoke: Wand              |     8 |    11 |       |     1 |     4 |       |     1 |     5 |     7 ||    37
  Use: Scroll            |       |     4 |     3 |     1 |     2 |     3 |     4 |     5 |    16 ||    38
       Potion            |       |       |       |     2 |       |       |       |    11 |    17 ||    30
 Stab: Distracted        |       |     1 |     1 |     1 |     2 |       |       |       |       ||     5
       Sleeping          |       |       |       |       |       |       |     1 |       |       ||     1
Armor: Leather armour    |     6 |       |       |       |       |       |       |       |       ||     6
       Robe              |     5 |    33 |    42 |    26 |    46 |    21 |    22 |    21 |    17 ||   233
       Gold dragon scale |       |       |       |       |       |       |       |       |    17 ||    17
Dodge: Dodged            |    34 |   129 |    73 |   141 |   171 |    95 |    99 |    69 |   141 ||   952
Block: Kite shield       |       |       |       |       |   121 |    95 |    99 |    19 |       ||   334
       Reflection        |       |       |       |       |       |       |    14 |    36 |    94 ||   144
       Tower shield      |       |       |       |       |       |       |       |   124 |   300 ||   424
